 Dungeon Crawl Stone Soup version 0.21-a0-517-gd76cfe0 (webtiles) character file.

148 Firecrotchwizard the Charmwright (level 5, 0/38 HPs)
             Began as a Gnoll Skald on Dec 3, 2017.
             Was a Follower of Hepliaklqana.
             Slain by a hound (4 damage)
             ... on level 4 of the Dungeon.
             The game lasted 00:06:07 (2548 turns).

Firecrotchwizard the Charmwright (Gnoll Skald)      Turns: 2548, Time: 00:06:08

Health: 0/38       AC:  5    Str: 13    XL:     5   Next: 30%
Magic:  10/12      EV: 13    Int: 16    God:    Hepliaklqana [*.....]
Gold:   127        SH:  0    Dex: 15    Spells: 3/14 levels left

rFire    . . .     SeeInvis .   a - +0 spear
rCold    . . .     Gourm    +   (no shield)
rNeg     . . .     Faith    .   g - +0 ring mail
rPois    .         Spirit   .   (no helmet)
rElec    .         Reflect  .   (no cloak)
rCorr    .         Harm     .   (no gloves)
MR       .....                  (no boots)
Stlth    +.........             l - amulet of the gourmand {Gourm, !d}
HPRegen  0.12/turn              (no ring)
MPRegen  0.13/turn              (no ring)

@: shrouded
A: distributed training, reduced essence, fangs 1, strong nose
a: Recall Ancestor, Ancestor Identity, Renounce Religion


You were on level 4 of the Dungeon.
You worshipped Hepliaklqana.
Hepliaklqana was aware of your devotion.
You were not hungry.

You visited 1 branch of the dungeon, and saw 4 of its levels.

You collected 127 gold pieces.

Inventory:

Hand Weapons
 a - a +0 spear (weapon)
Armour
 b - a +0 leather armour
 g - a +0 ring mail (worn)
   (You found it on level 4 of the Dungeon)
Jewellery
 l - an amulet of the gourmand (around neck) {Gourm, !d}
   (You found it on level 4 of the Dungeon)
Scrolls
 h - a scroll of identify
 i - 2 scrolls of remove curse
 n - a scroll of blinking {unknown}
 p - a scroll of fog {unknown}
Potions
 e - a potion of lignification {unknown}
 f - a potion of brilliance {unknown}
 j - 4 potions of curing {unknown}
 k - a potion of haste {unknown}
 m - a potion of agility {unknown}
 o - a potion of flight {unknown}
Books
 c - a book of Battle
Comestibles
 d - 2 bread rations {@e1}


   Skills:
 + Level 4.7 Fighting
 + Level 1.4 Short Blades
 + Level 1.4 Long Blades
 + Level 1.4 Axes
 + Level 1.4 Maces & Flails
 + Level 4.7 Polearms
 + Level 1.4 Staves
 + Level 1.4 Slings
 + Level 1.4 Bows
 + Level 1.4 Crossbows
 + Level 1.4 Throwing
 + Level 2.9 Armour
 + Level 4.7 Dodging
 + Level 1.4 Stealth
 + Level 1.4 Shields
 + Level 1.4 Unarmed Combat
 + Level 5.1 Spellcasting
 + Level 1.1 Conjurations
 + Level 1.1 Hexes
 + Level 5.5 Charms
 + Level 1.1 Summonings
 + Level 1.1 Necromancy
 + Level 1.1 Translocations
 + Level 1.1 Transmutations
 + Level 1.1 Fire Magic
 + Level 1.1 Ice Magic
 + Level 1.1 Air Magic
 + Level 1.1 Earth Magic
 + Level 1.1 Poison Magic
 + Level 1.5 Invocations
 + Level 1.4 Evocations


You had 3 spell levels left.
You knew the following spells:

 Your Spells              Type           Power        Failure   Level  Hunger
a - Infusion              Chrm           ###.         3%          1    None
r - Regeneration          Chrm/Necr      ##........   24%         3    ###....
s - Shroud of Golubria    Chrm/Tloc      ##........   12%         2    #......
z - Spectral Weapon       Hex/Chrm       ##......     24%         3    ###....
S - Song of Slaying       Chrm           ###.....     4%          2    #......


Dungeon Overview and Level Annotations

Branches:
Dungeon (4/15)
 Temple: D:4-7

Altars:
Dithmenos
Hepliaklqana
Okawaru
Trog

Annotations:
D:3 Firecrotchwizard's ghost, amateur GnSk


Innate Abilities, Weirdness & Mutations

Your experience applies equally to all skills.
You have very sharp teeth.
Your uncanny sense of smell can sniff out nearby items.
Your life essence is reduced to manifest your ancestor. (-10% HP)


Message History

Firecrotchwizard's ghost hits you!
You take 10 damage, and have 19/38 hp.
MASSIVE DAMAGE!!
You hit Firecrotchwizard's ghost but do no damage.
You bite Firecrotchwizard's ghost, but do no damage.
Your spectral weapon hits Firecrotchwizard's ghost but does no damage.
Impisi hits Firecrotchwizard's ghost.
Firecrotchwizard's ghost hits you.
You take 2 damage, and have 17/38 hp.
You closely miss Firecrotchwizard's ghost.
Your spectral weapon closely misses Firecrotchwizard's ghost.
Impisi barely misses Firecrotchwizard's ghost.
You hit Firecrotchwizard's ghost but do no damage.
Your spectral weapon hits Firecrotchwizard's ghost but does no damage.
Firecrotchwizard's ghost hits you!
* * * LOW HITPOINT WARNING * * *
Impisi barely misses Firecrotchwizard's ghost.
You take 9 damage, and have 9/38 hp.
MASSIVE DAMAGE!!
Firecrotchwizard's ghost screams, "I'll kill anyone who wants the ORB!"
Firecrotchwizard's ghost mumbles some strange words.
Space distorts along a thin shroud covering Firecrotchwizard's ghost's form.
Impisi completely misses Firecrotchwizard's ghost.
You climb upwards.
Your spectral weapon fades away.
There is a stone staircase leading down here.
You start resting.
Your magical contamination has completely faded away.
You regained 4 hp, and now have 13/38 hp.
You regained 4 mp, and now have 7/12 mp.
You start resting.
You are feeling very hungry.
You regained 10 hp, and now have 23/38 hp.
MP restored: 12 You start resting.
Health restored: 38 You eat the royal jelly.
That royal jelly was delicious!
You swap places.
There is a stone staircase leading down here.
You climb downwards.
Level annotation: Firecrotchwizard's ghost, amateur GnSk
There is a stone staircase leading up here.
Firecrotchwizard's ghost hits you!
Impisi misses Firecrotchwizard's ghost.
You take 7 damage, and have 31/38 hp.
Firecrotchwizard's ghost says, "If you think I look tough now, just wait!"
There is an escape hatch in the floor here.
You can't go up here!
Firecrotchwizard's ghost hits you.
You slide downwards.
The hatch slams shut behind you.
You take 2 damage, and have 29/38 hp.
You start resting.
Health restored: 38 Impisi is recalled.
You now have 10/12 mp.
Found a stone staircase leading down.
You see here a ring mail.
g - a ring mail You start removing your armour.
You continue taking off your +0 leather armour. x4
You finish taking off your +0 leather armour.
You start putting on your armour.
You continue putting on your ring mail. x5
You finish putting on your +0 ring mail.
MP restored: 12
l - a large blue amulet
As you read the scroll labeled VEHUFF ZAUMP, it crumbles to dust.
It is a scroll of identify.
l - an uncursed amulet of the gourmand You feel a craving for the dungeon's cuisine.
l - an amulet of the gourmand (around neck) {Gourm, !d} You may need something to eat soon, looking for food.
Can't find anything matching that.
Okay, then.
p - a scroll labeled QECSIMN XUHUNA You swap places.
Found a stone staircase leading up.
An ogre comes into view. It is wielding a giant club.
The ogre shouts!
Unknown command.
Space distorts slightly along a thin shroud covering your body.
You now have 10/12 mp.
A hound comes into view.
Attack whom?
Aim: an ogre, wielding a giant club You reach to attack!
You hit the ogre but do no damage.
Attack whom?
Aim: an ogre, wielding a giant club You hit the ogre.
Your shroud bends the ogre's attack away.
Impisi hits the ogre.
You hit the ogre. You bite the ogre, but do no damage.
Impisi hits the ogre.
The ogre hits you with a giant club!!
You take 18 damage, and have 20/38 hp.
MASSIVE DAMAGE!!
You barely miss the ogre. The hound misses you.
Impisi hits the ogre.
You barely miss the ogre. The hound closely misses you.
The ogre hits you with a giant club!
* * * LOW HITPOINT WARNING * * *
You take 17 damage, and have 4/38 hp.
MASSIVE DAMAGE!!
You hit the ogre but do no damage. The hound bites you.
You die...

###### . #....# #### ..
#....# ######..#### ...
#....###...........
....##........##........
.......<...#####........
....#.....## ##...#..#
......O@..# #.#.##..
#.##.#hR..# #.#..... .
##.### #.####.. #.# #.#
#.. #.# ###.. #.#
##.##.... #.# ##.....#..
..# ##...###... ####
#... ###...


You could see the friendly Impisi the ancestor, an ogre and a hound.

Vanquished Creatures
  Natasha (D:3)
  2 adders (D:2)
  An ooze (D:3)
  A worm (D:3)
  A dart slug (D:2)
  3 leopard geckos
  8 bats
  2 giant cockroaches
  9 goblins
  6 hobgoblins
  3 jackals (D:3)
  A quokka (D:2)
  4 frilled lizards
  5 kobolds
  9 rats
56 creatures vanquished.

Vanquished Creatures (collateral kills)
  3 adders (D:3)
  A worm (D:2)
  2 leopard geckos
  A jackal (D:3)
7 creatures vanquished.

Vanquished Creatures (others)
  3 ancestors (D:3)
3 creatures vanquished.

Grand Total: 66 creatures vanquished

Notes
Turn   | Place    | Note
-------+----------+-------------------------------------------
     0 | D:1      | Firecrotchwizard the Gnoll Skald began the quest for the Orb.
     0 | D:1      | Reached XP level 1. HP: 20/20 MP: 6/6
    49 | D:1      | Reached XP level 2. HP: 24/26 MP: 7/7
   272 | D:1      | Learned a level 2 spell: Shroud of Golubria
   275 | D:1      | Learned a level 2 spell: Song of Slaying
   624 | D:2      | Reached XP level 3. HP: 31/31 MP: 9/9
   626 | D:2      | Reached skill level 5 in Spellcasting
   818 | D:2      | Reached skill level 1 in Invocations
   958 | D:2      | Reached skill level 1 in Short Blades
   958 | D:2      | Reached skill level 1 in Long Blades
   958 | D:2      | Reached skill level 1 in Axes
   958 | D:2      | Reached skill level 1 in Maces & Flails
   958 | D:2      | Reached skill level 1 in Staves
   958 | D:2      | Reached skill level 1 in Slings
   958 | D:2      | Reached skill level 1 in Bows
   958 | D:2      | Reached skill level 1 in Crossbows
   958 | D:2      | Reached skill level 1 in Throwing
   958 | D:2      | Reached skill level 1 in Stealth
   958 | D:2      | Reached skill level 1 in Shields
   958 | D:2      | Reached skill level 1 in Unarmed Combat
   958 | D:2      | Reached skill level 1 in Evocations
   963 | D:2      | Learned a level 3 spell: Regeneration
   967 | D:2      | Learned a level 3 spell: Spectral Weapon
  1043 | D:2      | Reached XP level 4. HP: 38/38 MP: 11/11
  1149 | D:2      | Found a faded altar of an unknown god.
  1149 | D:2      | Found a bloodstained altar of Trog.
  1154 | D:2      | Found an iron altar of Okawaru.
  1156 | D:2      | Found a shadowy altar of Dithmenos.
  1158 | D:2      | Found a hazy altar of Hepliaklqana.
  1161 | D:2      | Became a worshipper of Hepliaklqana the Forgotten
  1343 | D:3      | Noticed Firecrotchwizard's ghost (amateur GnSk)
  1687 | D:3      | Noticed Natasha
  1708 | D:3      | Killed Natasha
  1708 | D:3      | Reached skill level 1 in Conjurations
  1708 | D:3      | Reached skill level 1 in Hexes
  1708 | D:3      | Reached skill level 1 in Summonings
  1708 | D:3      | Reached skill level 1 in Necromancy
  1708 | D:3      | Reached skill level 1 in Translocations
  1708 | D:3      | Reached skill level 1 in Transmutations
  1708 | D:3      | Reached skill level 1 in Fire Magic
  1708 | D:3      | Reached skill level 1 in Ice Magic
  1708 | D:3      | Reached skill level 1 in Air Magic
  1708 | D:3      | Reached skill level 1 in Earth Magic
  1708 | D:3      | Reached skill level 1 in Poison Magic
  1708 | D:3      | Reached XP level 5. HP: 33/38 MP: 12/12
  2147 | D:3      | HP: 9/38 [Firecrotchwizard's ghost (9)]
  2517 | D:4      | Reached * piety under Hepliaklqana
  2539 | D:4      | Noticed an ogre
  2547 | D:4      | HP: 4/38 [ogre/giant club (17)]
  2548 | D:4      | Slain by a hound

Vault maps used:
D:1:      evilmike_arrival_hilbert_curve
D:2:      chequers_temple_overflow_minitemple
D:3:      first_bread, uniq_natasha
D:4:      minmay_goblin_kobold_castle, lemuel_round_altar

Skill      XL: |  1  2  3  4 |
---------------+-------------+-----
Spellcasting   | 5 |  5.1
Invocations    | 1 |  1.5
Short Blades   | 1 |  1.4
Long Blades    | 1 |  1.4
Axes           | 1 |  1.4
Maces & Flails | 1 |  1.4
Staves         | 1 |  1.4
Slings         | 1 |  1.4
Bows           | 1 |  1.4
Crossbows      | 1 |  1.4
Throwing       | 1 |  1.4
Stealth        | 1 |  1.4
Shields        | 1 |  1.4
Unarmed Combat | 1 |  1.4
Evocations     | 1 |  1.4
Conjurations   | 1 |  1.1
Hexes          | 1 |  1.1
Summonings     | 1 |  1.1
Necromancy     | 1 |  1.1
Translocations | 1 |  1.1
Transmutations | 1 |  1.1
Fire Magic     | 1 |  1.1
Ice Magic      | 1 |  1.1
Air Magic      | 1 |  1.1
Earth Magic    | 1 |  1.1
Poison Magic   | 1 |  1.1
Fighting       | |  4.7
Polearms       | |  4.7
Armour         | |  2.9
Dodging        | |  4.7
Charms         | |  5.5

Action                   |  1- 3 |  4- 6 || total
-------------------------+-------+-------++-------
Melee: Spear             |   121 |   137 ||   258
       Bite              |     7 |    12 ||    19
       Punch             |       |     2 ||     2
 Cast: Shroud of Golubri |     3 |     7 ||    10
       Infusion          |     1 |     1 ||     2
       Spectral Weapon   |       |     1 ||     1
Invok: Recall Ancestor   |       |     1 ||     1
  Use: Scroll            |     1 |     1 ||     2
 Stab: Sleeping          |     1 |     3 ||     4
  Eat: Chunk             |     1 |     3 ||     4
       Royal jelly       |       |     1 ||     1
Armor: Leather armour    |    11 |    12 ||    23
       Ring mail         |    10 |       ||    10
Dodge: Dodged            |    62 |    65 ||   127

Table legend:
 A = Spawn XP
 B = Non-spawn XP
 C = Spawn XP percentage of total XP
 D = Spawn monster count
 E = Non-spawn monster count
 F = Spawn count percentage of total count
 G = Total turns spent on level
                    A         B        C        D         E        F      G
               +---------+---------+-------+---------+---------+-------+---------
         Total |       0 |     212 |   0.0 |       0 |      63 |   0.0 |  2548
               +---------+---------+-------+---------+---------+-------+---------
           D:1 |       0 |      33 |   0.0 |       0 |      20 |   0.0 |   618
           D:2 |       0 |      66 |   0.0 |       0 |      21 |   0.0 |  1113
           D:3 |       0 |     113 |   0.0 |       0 |      22 |   0.0 |   677
               +---------+---------+-------+---------+---------+-------+---------

Vault maps used:
D:1:      evilmike_arrival_hilbert_curve
D:2:      chequers_temple_overflow_minitemple
D:3:      first_bread, uniq_natasha
D:4:      minmay_goblin_kobold_castle, lemuel_round_altar

Table legend:
 A = Turns spent in this place as a percentage of turns spent in the entire game.
 B = Non-inter-level travel turns spent in this place as a percentage of non-inter-level travel turns spent in the entire game.
 C = Inter-level travel turns spent in this place as a percentage of turns spent in this place.
 D = Turns resting spent in this place as a percentage of non-inter-level travel turns spent in this place.
 E = Turns spent auto-exploring this place as a percentage of non-inter-level travel turns spent in this place.
 F = Non-inter-level travel turns spent in this place divided by the number of levels of this place that you've seen.
                   A       B       C       D       E      F
               +-------+-------+-------+-------+-------+----------------------
         Total | 100.0 | 100.0 |   3.1 |  21.0 |  54.9 | 617.0
       Dungeon | 100.0 | 100.0 |   3.1 |  21.0 |  54.9 | 617.0
               +-------+-------+-------+-------+-------+----------------------

Table legend:
 A = Kills in this place as a percentage of kills in entire the game.
 B = Kills by you in this place as a percentage of kills by you in the entire game.
 C = Kills by friends in this place as a percentage of kills by friends in the entire game.
 D = Other kills in this place as a percentage of other kills in the entire game.
 E = Experience gained in this place as a percentage of experience gained in the entire game.
 F = Experience gained in this place divided by the number of levels of this place that you have seen.
                   A       B       C       D       E      F
               +-------+-------+-------+-------+-------+----------------------
         Total | 100.0 | 100.0 | 100.0 |   N/A | 100.0 |  53.0
       Dungeon | 100.0 | 100.0 | 100.0 |   N/A | 100.0 |  53.0
               +-------+-------+-------+-------+-------+----------------------
